 Dungeon Crawl Stone Soup version 0.30-a0-305-g026cb31310 (webtiles) character file.

Game seed: 18102981251304231385

168 billz999 the Changer (level 5, 0/35 HPs)
             Began as a Vampire Earth Elementalist on Oct 23, 2022.
             Was an Initiate of Dithmenos.
             Slain by an ogre
             ... wielding a +0 giant club
              (35 damage)
             ... on level 4 of the Dungeon.
             The game lasted 00:04:19 (2574 turns).

billz999 the Changer (Vampire Earth Elementalist)   Turns: 2574, Time: 00:04:20

Health: 0/35       AC:  2    Str:  7    XL:     5   Next: 23%
Magic:  7/8        EV: 12    Int: 20    God:    Dithmenos [......]
Gold:   121        SH:  0    Dex: 14    Spells: 7/8 levels left

rFire   . . .      SeeInvis +    c - +0 dagger
rCold   . . .      Faith    .    (no shield)
rNeg    . . .      Spirit   .    a - +0 robe
rPois   .          Reflect  .    (no helmet)
rElec   .          Harm     .    (no cloak)
rCorr   .          Rampage  .    (no gloves)
Will    .....                    (no boots)
Stlth   ++........               (no amulet)
HPRegen 0.45/turn                (no ring)
MPRegen 0.11/turn                (no ring)

@: healing quickly
A: alive, fangs 3, see invisible, vampiric 2
a: Exsanguinate, Renounce Religion


You were on level 4 of the Dungeon.
You worshipped Dithmenos.
Dithmenos was noncommittal.
You visited 1 branch of the dungeon, and saw 4 of its levels.

You collected 121 gold pieces.

Inventory:

Hand Weapons
 c - a +0 dagger (weapon)
Armour
 a - a +0 robe (worn)
Wands
 e - a wand of digging (4)
 f - a wand of roots (9)
Scrolls
 d - 2 scrolls of identify {unknown}
 i - 2 scrolls of enchant armour {unknown}
 j - a scroll of poison {unknown}
 k - a scroll of teleportation {unknown}
 l - 3 scrolls of immolation {unknown}
Potions
 b - a potion of magic
 g - 3 potions of attraction {unknown}
 h - a potion of flight {unknown}


   Skills:
 - Level 2.7 Dodging
 - Level 3.8 Stealth
 - Level 2.3 Spellcasting
 + Level 4.6 Transmutations
 - Level 3.3 Earth Magic


You had 7 spell levels left.
You knew the following spells:

 Your Spells              Type           Power      Damage    Failure   Level
a - Sandblast             Erth           30%        2d9       3%          1

Your spell library contained the following spells:

 Spells                   Type           Power      Damage    Failure   Level
 Passwall                 Tmut/Erth      15%        N/A       4%          2
 Stone Arrow              Conj/Erth      18%        3d8       22%         3
 Petrify                  Tmut/Erth      18%        N/A       30%         4
 Gell's Gravitas          Tloc           2%         N/A       41%         3
 Lesser Beckoning         Tloc           4%         N/A       41%         3
 Teleport Other           Tloc           2%         N/A       41%         3
 Animate Armour           Summ/Erth      18%        N/A       58%         4
 Lehudib's Crystal Spear  Conj/Erth      4%         10d3      100%        8


Dungeon Overview and Level Annotations

Branches:
Dungeon (4/15)
 Temple: D:4-7

Altars:
Dithmenos
Okawaru
Vehumet


Innate Abilities, Weirdness & Mutations

Your natural rate of healing is accelerated.
You have razor-sharp teeth.
You have supernaturally acute eyesight. (SInv)
You are afflicted with vampirism and can become a bat while bloodless.


Message History

Aim: an endoplasm (98% to hit)
The blast of sand hits the endoplasm!
You kill the endoplasm!
Dithmenos accepts your kill.
Magic restored.
You pick up a book of Armaments and begin reading...
You add the spells Animate Armour and Lehudib's Crystal Spear to your library.
An ogre comes into view. It is wielding a +0 giant club.
Casting: Sandblast (safe; 3% risk of failure)
Confirm with . or Enter, or press ? or * to list all spells.
Aiming: Sandblast (safe; 3% risk of failure)
Press: ? - help, Shift-Dir - straight line, f - ogre
Aim: an ogre, wielding a +0 giant club (asleep, 100% to hit)
The blast of sand hits the ogre.
The ogre is lightly wounded.
An adder comes into view.
Aiming: Fastroot
Press: ? - help, Shift-Dir - straight line, f/p - ogre
Aim: an ogre, wielding a +0 giant club (lightly wounded)
The roots erupt in riotous growth!
Roots grab the ogre.
The grasping roots constrict the ogre.
The ogre escapes!
The ogre barely misses you. The ogre attacks as you move away!
The ogre closely misses you.
Aiming: Fastroot
Press: ? - help, Shift-Dir - straight line, f/p - ogre
Aim: an ogre, wielding a +0 giant club (moderately wounded)
The roots erupt in riotous growth!
Roots grab the ogre.
The grasping roots constrict the ogre!
The ogre escapes!
Unknown command.
Aiming: Fastroot
Press: ? - help, Shift-Dir - straight line, f/p - ogre
Aim: an ogre, wielding a +0 giant club (heavily wounded)
The roots erupt in riotous growth!
Roots grab the ogre.
Roots grab the adder.
The grasping roots constrict the ogre.
The grasping roots constrict the adder!
The ogre hits you with a +0 giant club!!
Ouch! That really hurt!
You die...

#. ##+######.
###### #.......#.
#...<# #.......#.
#.####.#
#.......#.##......#
#.......#...###....
.
#.@.....##.........
...
##O####..†..###....
.....##S# #.##.##
.. ...S....# #....#
?....#######..###
.### #........#
#.#####..# #.## #.#


You could see an ogre (rooted) and an adder (rooted).

Vanquished Creatures
  A centaur (D:3)
  2 adders (D:3)
  4 worms
  A dart slug (D:2)
  3 ball pythons
  4 bats
  9 endoplasms
  3 giant cockroaches
  6 goblins
  4 hobgoblins
  3 jackals (D:3)
  A kobold (D:2)
  A quokka (D:2)
  2 frilled lizards (D:2)
  6 rats
50 creatures vanquished.

Notes
Turn   | Place    | Note
-------+----------+-------------------------------------------
     0 | D:1      | billz999 the Vampire Earth Elementalist began the quest for
                  | the Orb.
     0 | D:1      | Reached XP level 1. HP: 13/13 MP: 3/3
     1 | D:1      | Noticed an electric eel
   247 | D:1      | Reached XP level 2. HP: 19/19 MP: 3/5
   365 | D:1      | You fall into a shaft and drop 1 floor!
   715 | D:2      | Gained mutation: You are afflicted with vampirism and can
                  | become a bat while bloodless. [Vampire growth]
   715 | D:2      | Reached XP level 3. HP: 24/24 MP: 3/6
  1325 | D:2      | Identified the +1 leather armour of Voleacym {rC+ Int+2}
  1348 | D:3      | Reached skill level 2 in Transmutations
  1525 | D:3      | Found a radiant altar of Vehumet.
  1759 | D:3      | Reached XP level 4. HP: 30/30 MP: 3/7
  2014 | D:3      | Found a shadowy altar of Dithmenos.
  2082 | D:3      | Became a worshipper of Dithmenos the Shadowed
  2183 | D:3      | Reached skill level 3 in Transmutations
  2268 | D:3      | Found an iron altar of Okawaru.
  2321 | D:3      | Noticed a centaur
  2331 | D:3      | Killed a centaur
  2332 | D:3      | Reached skill level 4 in Transmutations
  2332 | D:3      | Reached XP level 5. HP: 16/35 MP: 3/8
  2567 | D:4      | Noticed an ogre
  2574 | D:4      | Slain by an ogre

Illustrated notes

Levels and vault maps discovered:
D:1:      arrival_aquarium_a, layout_loops_corners, serial_aquarium,
          aquarium_bridge_straight [aquarium_subvault_bridge,
          aquarium_subvault_window, aquarium_subvault_bridge,
          aquarium_subvault_wall], aquarium_window_corner,
          aquarium_window_corridor_3, aquarium_window_corner, aquarium_window_2,
          aquarium_view_2a, aquarium_view_2f, aquarium_balcony_3a
D:2:      layout_loops_ring, minmay_heptomino_o4
D:3:      cheibrodos_old_hovel, layout_loops_corners,
          mainiacjoe_overflow_brackets, mainiacjoe_overflow_alcove_4,
          general_overflow_altar, mainiacjoe_overflow_six_doors_small
D:4:      layout_basic, serial_shops, nicolae_diamond_shop

Skill      XL: |  1  2  3  4 |
---------------+-------------+-----
Transmutations | 2 4 |  4.6
Dodging        | |  2.7
Stealth        | |  3.8
Spellcasting   | |  2.3
Earth Magic    | |  3.3

Action                   |  1- 3 |  4- 6 || total
-------------------------+-------+-------++-------
Melee: Dagger            |     2 |       ||     2
 Cast: Sandblast         |    62 |    19 ||    81
Evoke: Wand              |       |     3 ||     3
  Use: Potion            |       |     3 ||     3
Armor: Robe              |     6 |     2 ||     8
Dodge: Dodged            |    13 |    18 ||    31

Table legend: (Time is in decaauts)
 A = Elapsed time spent in this place.
 B = Non-inter-level travel time spent in this place.
 C = Inter-level travel time spent in this place.
 D = Time resting spent in this place.
 E = Time spent auto-exploring this place.
 F = Levels seen in this place.
 G = Mean time per level.
                   A        B        C        D        E       F      G
               +--------+--------+--------+--------+--------+-----+--------+
         Total |   2613 |   2556 |     57 |      0 |   2249 |   4 |  653.2 |
       Dungeon |   2613 |   2556 |     57 |      0 |   2249 |   4 |  653.2 |
               +--------+--------+--------+--------+--------+-----+--------+

Top non-repeatable levels by time:
     D:3: 1192 daAuts
     D:2: 998 daAuts
     D:1: 370 daAuts
     D:4: 52 daAuts
